 Dungeon Crawl Stone Soup version 0.20.1-1-g8b1a95d (webtiles) character file.

141470 Irenicus the Bludgeoner (level 16, -4/247 HPs)
             Began as a Troll Berserker on Oct 28, 2017.
             Was the Champion of Trog.
             Slain by a manticore (6 damage)
             ... on level 3 of the Shoals.
             The game lasted 01:54:08 (19749 turns).

Irenicus the Bludgeoner (Troll Berserker)          Turns: 19749, Time: 01:54:09

Health: -4/247     AC: 36    Str: 29    XL:     16   Next: 78%
Magic:  0/15       EV:  1    Int:  4    God:    Trog [******]
Gold:   1521       SH:  0    Dex: 13    Spells: 15/15 levels left

rFire    . . .     SeeInvis .   G - +7 giant spiked club
rCold    . . .     Gourm    +   (shield currently unavailable)
rNeg     + + +     Faith    .   (armour currently unavailable)
rPois    +         Spirit   +   (helmet currently unavailable)
rElec    .         Reflect  .   (cloak currently unavailable)
rCorr    .         Harm     .   (gloves unavailable)
MR       +++..     NoTele   +   (boots unavailable)
Stlth    +.........             a - amulet of guardian spirit
Regen    2.0/turn               Z - +3 ring of protection
MPRegen  0.2/turn               K - +5 ring of protection

@: tree-form, barbed spikes, berserk cooldown, regenerating, slowed, very slow
A: unfitting armour, fast metabolism 3, gourmand, regeneration 1
a: Berserk, Trog's Hand, Brothers in Arms, Burn Spellbooks, Renounce Religion


You were on level 3 of the Shoals.
You worshipped Trog.
Trog was exalted by your worship.
You were full.
You were a tree.
You visited 5 branches of the dungeon, and saw 27 of its levels.
You also visited: Ossuary and Ice Cave.

You collected 2973 gold pieces.
You spent 1452 gold pieces at shops.

Inventory:

Hand Weapons
 h - a +4 antimagic great mace
 G - a +7 giant spiked club (weapon)
 Q - a +2 great mace of protection
Armour
 d - a +2 cloak (melded)
 y - a +0 animal skin of cold resistance
 Y - a +1 troll leather armour (melded) {Snorg}
Jewellery
 a - an amulet of guardian spirit (around neck)
 u - a +4 ring of strength
 x - an uncursed ring of poison resistance
 K - a +5 ring of protection (right branch)
 O - an uncursed ring of resist corrosion
 Z - a +3 ring of protection (left branch)
Wands
 r - a wand of flame (4/48)
 A - a wand of paralysis (8/24)
 H - a wand of lightning (9/15)
 M - a wand of random effects (0/48)
 N - a wand of iceblast (1/15)
 U - a wand of digging (15/24)
 V - a wand of confusion (14/48)
 X - a wand of iceblast (0/15)
Scrolls
 f - 10 scrolls of teleportation
 i - 11 scrolls of recharging
 k - 7 scrolls of identify
 m - a scroll of silence
 n - 2 scrolls of enchant weapon
 z - 9 scrolls of remove curse
 P - 3 scrolls of enchant armour
 T - 2 scrolls of immolation
 W - a scroll of fog
Potions
 e - 3 potions of haste
 j - 2 potions of mutation
 l - 6 potions of flight
 p - 11 potions of curing
 s - 2 potions of ambrosia
 t - 6 potions of brilliance
 v - a potion of lignification
 w - 2 potions of cancellation
 B - a potion of berserk rage
 D - 7 potions of agility
 E - 2 potions of might
 I - 2 potions of resistance
Books
 F - a book of Necromancy

   Spells                             Type                      Level
   a - Pain                           Necromancy                   1
   b - Animate Skeleton               Necromancy                   1
   c - Vampiric Draining              Necromancy                   3
   d - Regeneration                   Charms/Necromancy            3
   e - Animate Dead                   Necromancy                   4
   f - Control Undead                 Necromancy                   4
   Trog disapproves of the use of such an item.
 S - a book of Minor Magic

   Spells                             Type                      Level
   a - Magic Dart                     Conjuration                  1
   b - Blink                          Translocation                2
   c - Call Imp                       Summoning                    2
   d - Slow                           Hexes                        2
   e - Conjure Flame                  Conjuration/Fire             3
   f - Mephitic Cloud                 Conjuration/Poison/Air       3
   Trog disapproves of the use of such an item.
Miscellaneous
 b - a fan of gales
 L - a lamp of fire
 R - a lightning rod (2/4)
Comestibles
 c - 15 bread rations
 g - 17 royal jellies
 o - 16 meat rations
 q - 22 fruits


   Skills:
 - Level 12.1 Fighting
 + Level 20.2 Maces & Flails
 - Level 12.0 Dodging
 - Level 0.4 Evocations


You had 15 spell levels left.
You didn't know any spells.

Dungeon Overview and Level Annotations

Branches:
Dungeon (15/15)            Temple (1/1) D:6            Lair (6/6) D:11
 Shoals (3/4) Lair:4       Spider (0/4) Lair:4        Slime (0/5) Lair:6
    Orc (2/2) D:11            Elf (0/3) Orc:2        Vaults (0/5) D:14
 Depths (0/5) D:15

Altars:
Ashenzari
Cheibriados
Dithmenos
Elyvilon
Fedhas
Gozag
Hepliaklqana
Kikubaaqudgha
Makhleb
Nemelex Xobeh
Okawaru
Qazlal
Ru
Sif Muna
Trog
Uskayaw
Vehumet
Xom
Yredelemnul
Zin
The Shining One
Jiyva

Shops:
D:4 *?(   D:5 *   D:7 %*}   D:9 %   D:10 (}*}   Orc:1 ?   Orc:2 [!}!


Innate Abilities, Weirdness & Mutations

You are too large for most types of armour.
((You have claws for hands.))
Your metabolism is lightning-fast.
You like to eat raw meat.
Your natural rate of healing is unusually fast.
((You are covered in thick fur. (AC +2)))
((You have very tough skin. (AC +2)))
((You have very sharp teeth.))
((You have sharp toenails.))
((You are partially covered in icy blue scales. (AC +2)))
((You are partially covered in yellow scales. (AC +2)))


Message History

You're too confused!
You feel better.
You feel less invigorated. The sea snake bites you.
* * * LOW HITPOINT WARNING * * *
The sea snake bites you!
* * * LOW HITPOINT WARNING * * *
The sea snake bites you but does no damage.
The manticore bites you but does no damage.
The manticore claws you but does no damage. x2
The merfolk siren hits you from afar with a spear!
* * * LOW HITPOINT WARNING * * *
The merfolk hits you but does no damage.
The merfolk siren hits the plant with a spear!
The sea snake bites you but does no damage.
The sea snake bites you!
* * * LOW HITPOINT WARNING * * *
The sea snake bites you but does no damage.
The manticore bites you but does no damage.
The manticore claws you but does no damage.
The manticore claws you!
You die... ..P.P.P..# ....P.P..# .........# .........# ...... ..##..##.# ..P.P.. #dm

#.#####.≈....≈ #.
#S.....PP≈.≈≈≈ #
#SSS≈≈.≈≈≈P≈≈≈
#.######♣S.≈..≈≈≈≈≈≈≈
#P....m)H≈≈≈.≈≈≈≈≈≈≈≈
####PPP≈m≈P.)≈≈≈≈≈..≈
#PPPH≈≈...#.PP≈≈.≈≈
#PPP.PPP..##.≈≈≈≈≈≈≈
..PP≈PPmP≈≈P..≈≈P≈≈≈≈
.#.≈≈≈PPP≈≈≈..<≈≈≈≈≈≈≈
.
#P≈PPPP≈≈≈≈≈≈≈≈....≈≈
.≈≈P≈≈≈≈≈≈≈P≈P≈≈..≈≈≈


You could see 5 sea snakes, a merfolk, a manticore, a hippogriff and 2 merfolk
sirens.

Vanquished Creatures
  Bai Suzhen (Shoals:3)
  Rupert (Orc:2)
  A kraken (Shoals:2)
  Polyphemus (Shoals:2)
  Kirke (Shoals:2)
  2 orc warlords
  A frost giant (IceCv)
  Nessos (Lair:5)
  Azrael (Orc:2)
  Snorg (D:11)
  A merfolk impaler (Shoals:1)
  Josephine (Lair:4)
  Erolcha (Orc:2)
  7 hydras
  2 catoblepae
  3 vault guards (D:14)
  3 merfolk avatars
  4 merfolk aquamancers
  A centaur warrior (D:15)
  Erica (D:9)
  A death knight (D:15)
  5 two-headed ogres
  A satyr (Shoals:2)
  5 orc high priests (Orc:2)
  A tengu warrior (D:13)
  A vampire mage (D:15)
  5 death yaks
  A storm dragon zombie (D:15)
  3 sea snakes
  A fire crab (Shoals:2)
  4 skeletal warriors
  A golden dragon skeleton (D:15)
  A phantasmal warrior (D:15)
  A necromancer (D:15)
  A lindwurm (Lair:6)
  2 orc sorcerers (Orc:2)
  2 oklob plants (Lair:3)
  8 orc knights
  2 harpies (Shoals:1)
  2 deep elf magi
  3 cyclopes
  6 manticores
  3 fauns (Shoals:1)
  A salamander (shapeshifter) (D:14)
  8 ugly things
  Maurice (D:8)
  A centaur zombie (D:11)
  5 black mambas
  3 merfolk sirens
  An ice statue (IceCv)
  10 spiny frogs
  4 centaur skeletons
  A torpor snail (Lair:6)
  A kobold demonologist (D:13)
  2 freezing wraiths (D:15)
  3 rime drakes
  2 tengu conjurers (D:13)
  16 komodo dragons
  2 yaktaurs (D:14)
  A guardian mummy (D:15)
  12 merfolk
  22 polar bears
  8 trolls
  Grinder (D:5)
  4 wind drakes
  2 hornets
  A snapping turtle (Shoals:1)
  14 hippogriffs
  2 slime creatures
  19 dream sheep
  12 blink frogs
  9 wraiths
  A vampire (D:13)
  A shadow (D:14)
  5 water elementals
  An ettin skeleton (D:15)
  4 fire elementals (Orc:2)
  20 humans (D:14)
  46 yaks
  A wyvern (Lair:2)
  3 hogs (Shoals:2)
  7 basilisks
  An ice dragon skeleton (D:15)
  2 fire bats (Shoals:2)
  Grum (D:11)
  A hungry ghost (D:9)
  9 vampire mosquitoes
  11 wargs
  Edmund (D:5)
  An acid dragon (D:14)
  2 soldier ants
  19 hell hounds
  23 water moccasins
  4 porcupines
  36 orc warriors
  3 sky beasts
  2 ice beasts
  3 necrophages
  2 phantoms
  13 black bears
  An eye of draining (shapeshifter) (D:14)
  8 ogres
  42 wolves
  19 centaurs
  16 crocodiles
  Blork the orc (D:5)
  8 big kobolds
  19 bullfrogs
  A bullfrog (shapeshifter) (D:14)
  A wyvern zombie (D:12)
  A water moccasin zombie (Ossuary)
  A scorpion (D:4)
  9 killer bees
  9 wights (D:6)
  7 howler monkeys
  An electric eel (Lair:4)
  4 crimson imps
  2 quasits
  A bullfrog zombie (D:5)
  8 jellies
  23 orc priests
  9 hounds
  Crazy Yiuf (D:3)
  2 bullfrog skeletons
  4 iguanas
  Ijyb (D:5)
  Terence (D:3)
  23 orc wizards
  8 worker ants
  6 hell rats (Lair:5)
  A killer bee zombie (D:8)
  3 big kobold zombies (Ossuary)
  A hound zombie (D:7)
  2 hound skeletons
  2 mummies (Ossuary)
  6 gnolls
  A howler monkey skeleton (D:4)
  12 adders
  2 shadow imps
  15 oozes
  6 adder zombies (Ossuary)
  An adder skeleton (D:6)
  A worm (D:3)
  A dart slug (D:3)
  3 leopard geckos (D:3)
  97 orcs
  A ball python (D:3)
  7 giant cockroaches
  3 gnoll zombies (Ossuary)
  4 goblins
  9 hobgoblins
  13 jackals
  18 kobolds
  6 quokkas
  12 bats
  7 frilled lizards
  4 hobgoblin zombies (Ossuary)
  A jackal skeleton (D:4)
  4 kobold zombies (Ossuary)
  A leopard gecko skeleton (D:5)
  A leopard gecko zombie (D:9)
  An orc zombie (Ossuary)
  8 rats
  A fungus (Lair:3)
  3 plants
  3 tentacles (Shoals:2)
984 creatures vanquished.

Vanquished Creatures (collateral kills)
  Frances (D:12)
  A catoblepas (Shoals:2)
  A death yak (Shoals:2)
  2 orc knights (Orc:2)
  2 hogs (Shoals:2)
  3 orc warriors (Orc:2)
  8 orc priests (Orc:2)
  An orc wizard (Orc:2)
  7 orcs
26 creatures vanquished.

Vanquished Creatures (others)
  A spiny frog (Lair:5)
  5 dream sheep (Lair:2)
  A big kobold (D:13)
  An orc zombie (Ossuary)
  5 fungi (Lair:2)
  8 plants
  13 tentacles (Shoals:2)
34 creatures vanquished.

Grand Total: 1044 creatures vanquished

Notes
Turn   | Place    | Note
-------+----------+-------------------------------------------
     0 | D:1      | Irenicus the Troll Berserker began the quest for the Orb.
     0 | D:1      | Reached XP level 1. HP: 22/22 MP: 0/0
    30 | D:1      | Reached skill level 3 in Maces & Flails
   160 | D:1      | Reached XP level 2. HP: 29/29 MP: 1/1
   385 | D:1      | Reached ** piety under Trog
   578 | D:2      | Reached XP level 3. HP: 36/36 MP: 2/2
   657 | D:2      | Reached skill level 4 in Maces & Flails
  1027 | D:3      | Noticed Terence
  1040 | D:3      | Killed Terence
  1040 | D:3      | Reached XP level 4. HP: 44/44 MP: 3/3
  1219 | D:3      | Found a runed door.
  1224 | D:3      | Noticed Crazy Yiuf
  1273 | D:3      | Killed Crazy Yiuf
  1273 | D:3      | Reached skill level 5 in Maces & Flails
  1345 | D:3      | Reached XP level 5. HP: 49/50 MP: 4/4
  1379 | D:3      | Reached *** piety under Trog
  1750 | D:3      | Reached skill level 6 in Maces & Flails
  1761 | D:3      | Reached XP level 6. HP: 11/59 MP: 5/5
  2039 | D:4      | Found Duxene Nimu's Weapon Boutique.
  2151 | D:4      | Reached skill level 7 in Maces & Flails
  2151 | D:4      | Reached XP level 7. HP: 52/66 MP: 6/6
  2261 | D:4      | Found Bumyetott's Magic Scroll Boutique.
  2312 | D:4      | Found Faesuun's General Store.
  2397 | D:4      | Reached **** piety under Trog
  2879 | D:5      | Entered Level 5 of the Dungeon
  2881 | D:5      | Found Zin's Purification Station.
  2884 | D:5      | Found a glowing silver altar of Zin.
  2921 | D:5      | Noticed Blork the orc
  2933 | D:5      | Killed Blork the orc
  2976 | D:5      | Noticed Ijyb
  2979 | D:5      | Reached skill level 8 in Maces & Flails
  3002 | D:5      | Killed Ijyb
  3106 | D:5      | Gained mutation: You occasionally shout uncontrollably at your foes. [mutagenic meat]
  3107 | D:5      | Gained mutation: You expend magic power (3 MP) to strengthen your wands. [mutagenic meat]
  3108 | D:5      | Gained mutation: You are clumsy. (Dex -2) [mutagenic meat]
  3109 | D:5      | Gained mutation: You have very sharp teeth. [mutagenic meat]
  3235 | D:5      | Reached XP level 8. HP: 74/74 MP: 7/7
  3270 | D:5      | Reached skill level 9 in Maces & Flails
  3427 | D:5      | Noticed Grinder
  3434 | D:5      | Paralysed by Grinder for 2 turns
  3435 | D:5      | Noticed Edmund
  3453 | D:5      | Paralysed by Grinder for 2 turns
  3465 | D:5      | Killed Edmund
  3466 | D:5      | Paralysed by Grinder for 3 turns
  3535 | D:5      | Paralysed by Grinder for 4 turns
  3545 | D:5      | Killed Grinder
  3545 | D:5      | Reached skill level 10 in Maces & Flails
  4041 | D:6      | Found a snail-covered altar of Cheibriados.
  4088 | D:6      | Reached XP level 9. HP: 80/80 MP: 8/8
  4089 | D:6      | Reached skill level 11 in Maces & Flails
  4206 | D:6      | Found a sand-covered staircase.
  4215 | Ossuary  | Entered an ossuary
  4269 | Ossuary  | Reached ***** piety under Trog
  4392 | D:6      | Found a staircase to the Ecumenical Temple.
  4410 | Temple   | Entered the Ecumenical Temple
  4710 | D:6      | Reached skill level 12 in Maces & Flails
  4911 | D:7      | Found Gan Geso's Food Emporium.
  4968 | D:7      | Found Luclufy's Assorted Antiques.
  4987 | D:7      | Bought a wooden ring for 120 gold pieces
  4987 | D:7      | Bought a scroll labeled XEUMEINODGH for 24 gold pieces
  4987 | D:7      | Bought a scroll labeled XOISAS BOWOZ for 24 gold pieces
  4988 | D:7      | Bought a bone wand for 96 gold pieces
  4988 | D:7      | Bought a metallic orange potion for 21 gold pieces
  4988 | D:7      | Bought a wand of random effects (?/48) for 24 gold pieces
  5075 | D:7      | Found Xuk Luul's Gadget Shop.
  5559 | D:8      | Reached skill level 13 in Maces & Flails
  5631 | D:8      | Reached XP level 10. HP: 88/88 MP: 9/9
  5760 | D:8      | Noticed a two-headed ogre
  5771 | D:8      | Killed a two-headed ogre
  5980 | D:8      | Reached skill level 14 in Maces & Flails
  5996 | D:8      | Noticed a three-headed hydra
  6044 | D:8      | Killed a three-headed hydra
  6171 | D:8      | Noticed Maurice
  6209 | D:8      | Killed Maurice
  6487 | D:9      | Noticed Erica
  6506 | D:9      | Killed Erica
  6506 | D:9      | Reached skill level 15 in Maces & Flails
  6506 | D:9      | Reached XP level 11. HP: 91/94 MP: 10/10
  6615 | D:9      | Received a gift from Trog
  6648 | D:9      | Noticed a two-headed ogre
  6656 | D:9      | Killed a two-headed ogre
  6750 | D:9      | Found a burning altar of Makhleb.
  6750 | D:9      | Found a faded altar of an unknown god.
  6755 | D:9      | Found a radiant altar of Vehumet.
  6757 | D:9      | Found an ancient bone altar of Kikubaaqudgha.
  6758 | D:9      | Found a faded altar of an unknown god.
  6902 | D:9      | Found Diqomol's Food Shoppe.
  7060 | D:10     | Entered Level 10 of the Dungeon
  7090 | D:10     | Found Unac's Gadget Shop.
  7090 | D:10     | Noticed a two-headed ogre
  7097 | D:10     | Killed a two-headed ogre
  7136 | D:10     | Reached skill level 5 in Fighting
  7229 | D:10     | Found Ileyneru's Elemental Accessories.
  7309 | D:10     | Found Watoff's Gadget Shop.
  7587 | D:10     | Found Lacvoa Hely's Weapon Boutique.
  7660 | D:11     | Noticed a skeletal warrior
  7661 | D:11     | Noticed a skeletal warrior
  7669 | D:11     | Noticed a skeletal warrior
  7670 | D:11     | Killed a skeletal warrior
  7692 | D:11     | Killed a skeletal warrior
  7731 | D:11     | Killed a skeletal warrior
  7773 | D:11     | Gained mutation: You are frail. (-10% HP) [mutagenic meat]
  7774 | D:11     | Lost mutation: You are frail. (-10% HP) [mutagenic meat]
  7775 | D:11     | Gained mutation: You are robust. (+10% HP) [mutagenic meat]
  7776 | D:11     | Gained mutation: Your magical capacity is low. (-10% MP) [mutagenic meat]
  7777 | D:11     | Gained mutation: Your body sometimes deteriorates upon taking damage. [mutagenic meat]
  7812 | D:11     | Lost mutation: Your magical capacity is low. (-10% MP) [potion of mutation]
  7812 | D:11     | Lost mutation: You are robust. (+10% HP) [potion of mutation]
  7812 | D:11     | Lost mutation: You occasionally shout uncontrollably at your foes. [potion of mutation]
  7812 | D:11     | Lost mutation: You are clumsy. (Dex -2) [potion of mutation]
  7812 | D:11     | Lost mutation: You expend magic power (3 MP) to strengthen your wands. [potion of mutation]
  7812 | D:11     | Gained mutation: Your spells are a little harder to cast, but a little more powerful. [potion of mutation]
  7812 | D:11     | Gained mutation: Your spells are harder to cast, but more powerful. [potion of mutation]
  7829 | D:11     | Found a staircase to the Lair.
  7886 | D:11     | Noticed a two-headed ogre
  7895 | D:11     | Noticed a red ugly thing
  7898 | D:11     | Killed a two-headed ogre
  7915 | D:11     | Killed a red ugly thing
  7942 | D:11     | Reached XP level 12. HP: 95/120 MP: 11/11
  7968 | D:11     | Received a gift from Trog
  7973 | D:11     | Found a staircase to the Orcish Mines.
  7994 | D:11     | Noticed Grum
  8087 | D:11     | Noticed Snorg
  8108 | D:11     | Killed Snorg
  8288 | D:11     | Killed Grum
  8290 | D:11     | Reached skill level 5 in Dodging
  8375 | D:11     | Found a deep blue altar of Sif Muna.
  8629 | D:12     | Noticed Frances
  8635 | D:12     | Killed Frances
  8814 | D:12     | Noticed an eight-headed hydra
  8822 | D:12     | Killed an eight-headed hydra
  8893 | D:12     | Noticed a seven-headed hydra
  8898 | D:12     | Killed a seven-headed hydra
  9588 | D:13     | Found a hazy altar of Hepliaklqana.
  9613 | D:13     | Noticed a catoblepas
  9645 | D:13     | Noticed a two-headed ogre
  9654 | D:13     | Killed a two-headed ogre
  9671 | D:13     | Killed a catoblepas
  9928 | D:13     | Noticed a tengu warrior
  9940 | D:13     | Killed a tengu warrior
  9940 | D:13     | Reached XP level 13. HP: 106/130 MP: 7/12
 10467 | D:14     | Received a gift from Trog
 11066 | D:14     | Reached skill level 16 in Maces & Flails
 11071 | D:14     | Reached ****** piety under Trog
 11144 | D:14     | Found a gate to the Vaults.
 11540 | D:15     | Entered Level 15 of the Dungeon
 11696 | D:15     | Reached skill level 17 in Maces & Flails
 11710 | D:15     | Gained mutation: Your muscles are strong. (Str +2) [mutagenic meat]
 11711 | D:15     | Gained mutation: You are partially covered in slimy green scales. (AC +2) [mutagenic meat]
 11713 | D:15     | Gained mutation: Your mind is acute. (Int +2) [mutagenic meat]
 11717 | D:15     | Lost mutation: Your mind is acute. (Int +2) [mutagenic meat]
 11718 | D:15     | Lost mutation: You are partially covered in slimy green scales. (AC +2) [mutagenic meat]
 11725 | D:15     | Found a staircase to the Depths.
 11806 | D:15     | Found a frozen archway.
 11812 | IceCv    | Entered an ice cave
 11937 | IceCv    | Reached XP level 14. HP: 116/140 MP: 11/13
 12083 | IceCv    | Received a gift from Trog
 12254 | IceCv    | Noticed a frost giant
 12277 | IceCv    | Killed a frost giant
 12277 | IceCv    | Reached skill level 18 in Maces & Flails
 12982 | Orc:1    | Entered Level 1 of the Orcish Mines
 13017 | Orc:1    | Found Buzydy's Magic Scroll Emporium.
 13103 | Orc:1    | Noticed an orc warlord
 13118 | Orc:1    | Killed an orc warlord
 13351 | Orc:2    | Entered Level 2 of the Orcish Mines
 13367 | Orc:2    | Found an iron altar of Okawaru.
 13401 | Orc:2    | Received a gift from Trog
 13507 | Orc:2    | Reached skill level 19 in Maces & Flails
 13547 | Orc:2    | Noticed an orc warlord
 13571 | Orc:2    | Killed an orc warlord
 13643 | Orc:2    | Noticed Erolcha
 13645 | Orc:2    | Noticed Rupert
 13646 | Orc:2    | Noticed Azrael
 13660 | Orc:2    | Killed Erolcha
 13665 | Orc:2    | Killed Azrael
 13669 | Orc:2    | Killed Rupert
 13746 | Orc:2    | Found a staircase to the Elven Halls.
 13885 | Orc:2    | Received a gift from Trog
 13913 | Orc:2    | Reached XP level 15. HP: 89/146 MP: 4/14
 14104 | Orc:2    | Paralysed by a chaos spawn for 4 turns
 14282 | Orc:2    | Found Sis Guh's Distillery.
 14282 | Orc:2    | Found Irphidec's Gadget Shoppe.
 14283 | Orc:2    | Found Roph's Distillery.
 14283 | Orc:2    | Found Casil's Armour Shoppe.
 14298 | Orc:2    | Bought a potion of agility for 68 gold pieces
 14298 | Orc:2    | Bought a potion of ambrosia for 136 gold pieces
 14299 | Orc:2    | Bought a potion of haste for 140 gold pieces
 14299 | Orc:2    | Bought a potion of ambrosia for 112 gold pieces
 14299 | Orc:2    | Bought a potion of ambrosia for 112 gold pieces
 14299 | Orc:2    | Bought a potion of curing for 42 gold pieces
 14299 | Orc:2    | Bought a potion of curing for 42 gold pieces
 14299 | Orc:2    | Bought 2 potions of agility for 112 gold pieces
 14299 | Orc:2    | Bought a potion of agility for 56 gold pieces
 14300 | Orc:2    | Bought a potion of resistance for 170 gold pieces
 14300 | Orc:2    | Bought a potion of curing for 51 gold pieces
 14300 | Orc:2    | Bought a potion of curing for 51 gold pieces
 14300 | Orc:2    | Bought a potion of curing for 51 gold pieces
 14406 | Lair:1   | Entered Level 1 of the Lair of Beasts
 14640 | Lair:1   | Found a snail-covered altar of Cheibriados.
 15150 | Lair:2   | Received a gift from Trog
 15150 | Lair:2   | Reached skill level 20 in Maces & Flails
 15575 | Lair:2   | Found a shimmering altar of Xom.
 15822 | Lair:3   | Lost mutation: Your muscles are strong. (Str +2) [potion of mutation]
 15822 | Lair:3   | Lost mutation: Your body sometimes deteriorates upon taking damage. [potion of mutation]
 15822 | Lair:3   | Lost mutation: Your spells are harder to cast, but more powerful. [potion of mutation]
 15822 | Lair:3   | Lost mutation: Your spells are a little harder to cast, but a little more powerful. [potion of mutation]
 15822 | Lair:3   | Gained mutation: You are partially covered in yellow scales. (AC +2) [potion of mutation]
 15822 | Lair:3   | Gained mutation: You have sharp toenails. [potion of mutation]
 15822 | Lair:3   | Gained mutation: You are partially covered in icy blue scales. (AC +2) [potion of mutation]
 15822 | Lair:3   | Gained mutation: You are covered in thick fur. (AC +2) [potion of mutation]
 16351 | Lair:3   | Reached skill level 10 in Fighting
 16482 | Lair:4   | Noticed Josephine
 16490 | Lair:4   | Killed Josephine
 16499 | Lair:4   | Received a gift from Trog
 16544 | Lair:4   | Found a staircase to the Shoals.
 17075 | Lair:4   | Found a hole to the Spider Nest.
 17381 | Lair:5   | Noticed Nessos
 17400 | Lair:5   | Killed Nessos
 17731 | Lair:6   | Entered Level 6 of the Lair of Beasts
 17861 | Lair:6   | Received a gift from Trog
 18194 | Lair:6   | Reached XP level 16. HP: 154/165 MP: 12/15
 18307 | Lair:6   | Received a gift from Trog
 18588 | Lair:6   | Found a viscous altar of Jiyva.
 18588 | Lair:6   | Found a staircase to the Slime Pits.
 18757 | Shoals:1 | Entered Level 1 of the Shoals
 18839 | Shoals:1 | Reached skill level 10 in Dodging
 18858 | Shoals:1 | Noticed a kraken
 19372 | Shoals:2 | Noticed Polyphemus
 19372 | Shoals:2 | Noticed Kirke
 19400 | Shoals:2 | Killed Polyphemus
 19410 | Shoals:2 | Killed Kirke
 19638 | Shoals:2 | Noticed a kraken
 19670 | Shoals:2 | Killed a kraken
 19707 | Shoals:3 | Noticed Bai Suzhen
 19727 | Shoals:3 | Killed Bai Suzhen
 19734 | Shoals:3 | Received a gift from Trog
 19748 | Shoals:3 | HP: 9/247 [sea snake (5)]
 19749 | Shoals:3 | HP: 2/247 [sea snake (7)]
 19749 | Shoals:3 | Slain by a manticore

Skill      XL: |  1  2  3  4  5  6  7  8  9 10 11 12 13 14 15 16 |
---------------+-------------------------------------------------+-----
Maces & Flails | 3 4 5 6 7 8 10 13 15 17 19 20 | 20.2
Fighting       | 8 9 12 | 12.1
Dodging        | 3 9 12 | 12.0
Evocations     | |  0.4

Action                   |  1- 3 |  4- 6 |  7- 9 | 10-12 | 13-15 | 16-18 || total
-------------------------+-------+-------+-------+-------+-------+-------++-------
Melee: Mace              |   100 |   261 |   212 |       |       |       ||   573
       Flail             |       |       |   270 |   749 |   210 |       ||  1229
       Bite              |       |       |    32 |    97 |   185 |    33 ||   347
       Great mace        |       |       |       |    14 |   301 |       ||   315
       Giant spiked club |       |       |       |       |   839 |   298 ||  1137
       Kick              |       |       |       |       |   112 |   100 ||   212
       Giant club        |       |       |       |       |    60 |       ||    60
Invok: Berserk           |       |     2 |     7 |    23 |    20 |     3 ||    55
       Trog's Hand       |       |       |     3 |     4 |     5 |     4 ||    16
       Brothers in Arms  |       |       |       |     1 |     2 |     1 ||     4
       Burn Spellbooks   |       |       |       |       |     2 |       ||     2
Evoke: Wand              |       |     7 |     8 |    10 |     5 |    33 ||    63
       Lightning rod     |       |       |       |       |     5 |     1 ||     6
  Use: Scroll            |       |     9 |       |    15 |    15 |     6 ||    45
       Potion            |       |     3 |     2 |     7 |     8 |     7 ||    27
 Stab: Paralysed         |       |     1 |       |       |       |       ||     1
       Invisible         |       |       |       |     4 |       |       ||     4
       Distracted        |       |       |       |     1 |     1 |     2 ||     4
       Confused          |       |       |       |     1 |       |       ||     1
  Eat: Chunk             |    13 |     9 |    46 |    75 |    98 |    20 ||   261
       Fruit             |       |       |       |       |     6 |       ||     6
Armor: Animal skin       |    25 |       |       |       |       |       ||    25
       Troll leather arm |    22 |   188 |   206 |   292 |   722 |   209 ||  1639
       Skin              |       |    19 |    53 |    86 |    56 |    67 ||   281
Dodge: Dodged            |    77 |   260 |   211 |   334 |   880 |   256 ||  2018
